cohdb
Replays
Latest Replays
All Replays
Popular Replays
Top Player Replays
Match Explorer
How It Works
Community
CoH3 Stats
Reddit
Sign in to upload your games and track your stats! →
Sign in with Steam
Match 41297415
Unlisted
Match 41297415
Overview
Messages
Build Orders
End
Vickers Machine Gun Team
Construct Section Command Post
Infantry Section
Selects Canadian Shock Battlegroup
Grenade Package
Infantry Section
Infantry Section
Selects Offensive Resupply
Selects Canadian Shock Section
Construct Platoon Command Post
Selects Incendiary Munitions
6-pounder Anti-tank Gun Team
Construct Field Infirmary
Canadian Shock Section
Selects Pyrotechnics
STALKER4732
SoyaLors
Devochkin
Kulottaja
Germal
XinLuh69
0
0
Comments
sign in to comment!
No comments posted yet!